 Dungeon Crawl Stone Soup version 0.31-a0-165-g3f4f80340b (webtiles) character file.

Game seed: 10001997040007824178

355 qw the Shooter (level 6, -2/57 HPs)
             Began as a Naga Hunter on June 13, 2023.
             Slain by an orc
             ... wielding a +0 mace
              (5 damage)
             ... on level 3 of the Dungeon.
             The game lasted 00:01:07 (2192 turns).

qw the Shooter (Naga Hunter)                        Turns: 2192, Time: 00:01:07

Health: -2/57      AC:  6    Str: 13    XL:     6   Next: 63%
Magic:  6/6        EV:  9    Int: 10    God:
Gold:   130        SH:  5    Dex: 16    Spells: 5/5 levels left

rFire   + . .        Y - +0 shortbow
rCold   . . .        (shield currently unavailable)
rNeg    . . .        c - +0 leather armour
rPois   +            i - +1 helmet {SInv}
rElec   .            (no cloak)
rCorr   .            g - +0 pair of gloves
SInv    +            (no barding)
Will    .....        m - amulet of reflection
Stlth   ++           n - ring of protection from fire
HPRegen 0.29/turn    (no ring)
MPRegen 0.10/turn

%: reflection
@: short of breath, very slow
A: AC +2, large, see invisible, deformed body, poison resistance, slowness 2,
spit poison 1, naga tail 1
a: Spit Poison


You were on level 3 of the Dungeon.
You visited 1 branch of the dungeon, and saw 3 of its levels.

You collected 130 gold pieces.


Innate Abilities, Weirdness & Mutations

Your serpentine skin is tough. (AC +2)
You have supernaturally acute eyesight. (SInv)
Armour fits poorly on your strangely shaped body.
Your system is resistant to poisons. (rPois)
You cover ground very slowly.
You can spit poison.
You have a snake-like lower body.


   Skills:
 - Level 4.0 Fighting
 + Level 6.2 Ranged Weapons
 - Level 1.5 Dodging
 - Level 1.5 Stealth


You had 5 spell levels left.
You didn't know any spells.
Your spell library was empty.

Inventory:

Hand Weapons
 Y - a +0 shortbow (weapon)
Armour
 c - a +0 leather armour (worn)
 g - a +0 pair of gloves (worn)
 i - a +1 helmet of see invisible (worn)
Jewellery
 m - an amulet of reflection (around neck)
 n - a ring of protection from fire (left hand)
Scrolls
 a - 3 scrolls of identify
Potions
 b - a potion of lignification {unknown}
 d - a potion of mutation {unknown}
 e - a potion of haste
 f - a potion of attraction {unknown}
 h - a potion of curing

Dungeon Overview and Level Annotations

Branches:
Dungeon (3/15)

Altars:
The Shining One

Shops:
D:2 ?*

Annotations:
D:3 Ijyb


Message History

The orc is almost dead.
Ijyb hits you with a +5 club!
You shoot an arrow.
The arrow hits the orc priest but does no damage.
The orc priest is moderately wounded.
Ijyb hits you with a +5 club.
The orc priest calls upon Beogh to heal the orc.
The orc is healed somewhat.
You shoot an arrow.
The arrow closely misses the orc priest.
The arrow hits the orc.
The orc is heavily wounded.
You have got your breath back.
Ijyb hits you with a +5 club! The orc hits you with a +0 mace.
The orc priest hits you with a +0 club.
Ijyb zaps a wand.
The roots erupt in riotous growth!
The grasping roots grab you!
Ijyb is unaffected.
The orc is unaffected.
The orc priest is unaffected.
The orc wizard is unaffected.
The grasping roots constrict you. The orc priest completely misses you.
The orc completely misses you.
2190 ||| INVOKING Spit Poison.
Aiming: Spit Poison (1% risk of failure)
Press: ? - help, Shift-Dir - straight line, f - orc, p - orc priest The splash of poison hits the orc!
The orc is poisoned.
You kill the orc!
Ijyb hits you with a +5 club. The grasping roots constrict you.
You block the orc wizard's attack.
The orc priest miscasts a cantrip.
The grasping roots release their grip on you.
You shoot an arrow.
The arrow hits the orc priest but does no damage.
The orc priest is moderately wounded.
Ijyb hits you with a +5 club!
The orc wizard hits you but does no damage.
The orc priest invokes the aid of Beogh against you.
You struggle to resist.
You shoot an arrow. The arrow barely misses the orc priest.
You block Ijyb's attack. You block the orc wizard's attack.
The orc priest hits you with a +0 club. The orc hits you with a +0 mace.
You die...

..# #........# ..# ..
#........# ### ...
#.......##
........)####......)#
###............#.......#
...............#.......#
.......................#
.......#.....#.goo.>...#
...............o@......#
...............)..[....#
..............>........#
.................##'####
)................#.%.#
PP.....#.....#...#...#
P~P..............#########
P~P~..###........#...>...#
77~~P..##........#.7...7.#


You could see Ijyb, an orc priest, an orc wizard and an orc.

Vanquished Creatures
  Sigmund (D:2)
  Terence (D:3)
  An iguana (D:3)
  Robin (D:3)
  3 adders
  A worm (D:2)
  3 dart slugs
  5 orcs (D:3)
  3 bats
  6 endoplasms
  4 giant cockroaches
  19 goblins
  11 hobgoblins
  5 jackals (D:1)
  A quokka (D:1)
  9 ball pythons
  5 frilled lizards
  9 kobolds
  6 rats
94 creatures vanquished.

Notes
Turn   | Place    | Note
-------+----------+-------------------------------------------
     0 | D:1      | qw the Naga Hunter began the quest for the Orb.
     0 | D:1      | Reached XP level 1. HP: 19/19 MP: 1/1
     0 | D:1      | 0 ||| qw: Version: 0.2-a-29-gc1b59c4
     0 | D:1      | 0 ||| qw: Game counter: 4760
     0 | D:1      | 0 ||| qw: Always use a shield: true
     0 | D:1      | 0 ||| qw: God list: Okawaru
     0 | D:1      | 0 ||| qw: Allow faded altars: false
     0 | D:1      | 0 ||| qw: Do Orc after D:15 true
     0 | D:1      | 0 ||| qw: Do second Lair branch before Depths: true
     0 | D:1      | 0 ||| qw: Lair rune preference: random
     0 | D:1      | 0 ||| qw: Plans: Normal
     0 | D:1      | 0 ||| PLANNING D:1-11
    17 | D:1      | 17 ||| INVOKING Spit Poison.
    23 | D:1      | 23 ||| INVOKING Spit Poison.
    61 | D:1      | 61 ||| INVOKING Spit Poison.
    68 | D:1      | 68 ||| INVOKING Spit Poison.
    73 | D:1      | 73 ||| INVOKING Spit Poison.
   108 | D:1      | 108 ||| INVOKING Spit Poison.
   116 | D:1      | 116 ||| INVOKING Spit Poison.
   117 | D:1      | Reached skill level 4 in Ranged Weapons
   117 | D:1      | Reached XP level 2. HP: 26/26 MP: 2/2
   131 | D:1      | 131 ||| INVOKING Spit Poison.
   134 | D:1      | 134 ||| INVOKING Spit Poison.
   138 | D:1      | 138 ||| INVOKING Spit Poison.
   145 | D:1      | 145 ||| INVOKING Spit Poison.
   188 | D:1      | 188 ||| INVOKING Spit Poison.
   193 | D:1      | 193 ||| INVOKING Spit Poison.
   307 | D:1      | 307 ||| INVOKING Spit Poison.
   310 | D:1      | 310 ||| INVOKING Spit Poison.
   328 | D:1      | 328 ||| INVOKING Spit Poison.
   346 | D:1      | 346 ||| INVOKING Spit Poison.
   400 | D:1      | 400 ||| INVOKING Spit Poison.
   401 | D:1      | Reached XP level 3. HP: 32/32 MP: 3/3
   434 | D:1      | 434 ||| INVOKING Spit Poison.
   444 | D:1      | 444 ||| INVOKING Spit Poison.
   448 | D:1      | 448 ||| INVOKING Spit Poison.
   458 | D:1      | 458 ||| INVOKING Spit Poison.
   466 | D:1      | 466 ||| INVOKING Spit Poison.
   471 | D:1      | 471 ||| INVOKING Spit Poison.
   505 | D:1      | 505 ||| INVOKING Spit Poison.
   509 | D:1      | 509 ||| INVOKING Spit Poison.
   513 | D:1      | 513 ||| INVOKING Spit Poison.
   526 | D:1      | 526 ||| INVOKING Spit Poison.
   769 | D:1      | 769 ||| UPGRADING to +0 pair of gloves.
   774 | D:1      | 774 ||| UPGRADING to +1 helmet of see invisible.
   779 | D:1      | 779 ||| READING scroll labelled ZEQOES ZAISCH.
   780 | D:1      | 780 ||| DRINKING 2 emerald potions.
   781 | D:1      | 781 ||| DRINKING 2 sedimented coppery potions.
   782 | D:1      | 782 ||| DRINKING 2 purple potions.
   783 | D:1      | 783 ||| DROPPING scroll of butterflies.
   784 | D:1      | 784 ||| DROPPING potion of magic.
   836 | D:2      | Noticed Sigmund
   837 | D:2      | 837 ||| INVOKING Spit Poison.
   842 | D:2      | 842 ||| INVOKING Spit Poison.
   845 | D:2      | Killed Sigmund
   846 | D:2      | Reached skill level 6 in Ranged Weapons
   846 | D:2      | Reached XP level 4. HP: 27/39 MP: 4/4
   846 | D:2      | Reached XP level 5. HP: 31/45 MP: 5/5
   846 | D:2      | 846 ||| INVOKING Spit Poison.
   932 | D:2      | Found Fied's General Store.
   934 | D:2      | 934 ||| INVOKING Spit Poison.
   948 | D:2      | 948 ||| SHOPLISTING +2 arbalest of freezing (281 gold, have
                  | 46).
   948 | D:2      | 948 ||| SHOPLISTING +7 shortbow of Osaolil {freeze, rC+ rN+
                  | Str-2 Int+2} (820 gold, have 46).
   986 | D:2      | 986 ||| INVOKING Spit Poison.
   990 | D:2      | 990 ||| INVOKING Spit Poison.
   993 | D:2      | 993 ||| INVOKING Spit Poison.
  1067 | D:2      | 1067 ||| INVOKING Spit Poison.
  1068 | D:2      | Reached XP level 6. HP: 55/55 MP: 6/6
  1095 | D:2      | 1095 ||| INVOKING Spit Poison.
  1100 | D:2      | 1100 ||| INVOKING Spit Poison.
  1150 | D:2      | 1150 ||| INVOKING Spit Poison.
  1160 | D:2      | 1160 ||| INVOKING Spit Poison.
  1165 | D:2      | 1165 ||| INVOKING Spit Poison.
  1171 | D:2      | Found a glowing golden altar of the Shining One.
  1227 | D:2      | 1227 ||| INVOKING Spit Poison.
  1244 | D:2      | 1244 ||| INVOKING Spit Poison.
  1387 | D:2      | Found The Oracle's Delphic Readings.
  1391 | D:2      | 1391 ||| SHOPLISTING scroll of acquirement (572 gold, have
                  | 61).
  1391 | D:2      | 1391 ||| SHOPLISTING scroll of enchant armour (82 gold,
                  | have 61).
  1391 | D:2      | 1391 ||| DROPPING +2 hat.
  1392 | D:2      | 1392 ||| UPGRADING to amulet of reflection.
  1397 | D:2      | 1397 ||| UPGRADING to ring of protection from fire.
  1398 | D:2      | 1398 ||| READING 2 scrolls labelled ETIEHI RUPN.
  1399 | D:2      | 1399 ||| READING 2 scrolls labelled KUIB XACOMO.
  1400 | D:2      | 1400 ||| DRINKING 2 fuming brown potions.
  1505 | D:2      | 1505 ||| DROPPING scroll of vulnerability.
  1506 | D:2      | 1506 ||| DROPPING scroll of poison.
  1507 | D:2      | 1507 ||| DROPPING potion of berserk rage.
  1550 | D:3      | 1550 ||| INVOKING Spit Poison.
  1550 | D:3      | Noticed Robin
  1554 | D:3      | 1554 ||| Stepping ~*~*~tactically~*~*~ (outnumbered).
  1555 | D:3      | 1555 ||| INVOKING Spit Poison.
  1559 | D:3      | 1559 ||| INVOKING Spit Poison.
  1564 | D:3      | 1564 ||| INVOKING Spit Poison.
  1570 | D:3      | 1570 ||| INVOKING Spit Poison.
  1577 | D:3      | 1577 ||| INVOKING Spit Poison.
  1580 | D:3      | 1580 ||| INVOKING Spit Poison.
  1583 | D:3      | Killed Robin
  1584 | D:3      | Reached skill level 3 in Fighting
  1584 | D:3      | 1584 ||| INVOKING Spit Poison.
  1587 | D:3      | 1587 ||| INVOKING Spit Poison.
  1591 | D:3      | 1591 ||| INVOKING Spit Poison.
  1688 | D:3      | 1688 ||| INVOKING Spit Poison.
  1698 | D:3      | 1698 ||| INVOKING Spit Poison.
  1704 | D:3      | 1704 ||| INVOKING Spit Poison.
  1847 | D:3      | 1847 ||| INVOKING Spit Poison.
  1852 | D:3      | Noticed Terence
  1853 | D:3      | 1853 ||| INVOKING Spit Poison.
  1860 | D:3      | 1860 ||| INVOKING Spit Poison.
  1861 | D:3      | 1861 ||| INVOKING Spit Poison.
  1862 | D:3      | Killed Terence
  1879 | D:3      | 1879 ||| INVOKING Spit Poison.
  1883 | D:3      | 1883 ||| INVOKING Spit Poison.
  1975 | D:3      | 1975 ||| INVOKING Spit Poison.
  1998 | D:3      | 1998 ||| INVOKING Spit Poison.
  2090 | D:3      | 2090 ||| INVOKING Spit Poison.
  2136 | D:3      | 2136 ||| INVOKING Spit Poison.
  2173 | D:3      | 2173 ||| INVOKING Spit Poison.
  2179 | D:3      | Noticed Ijyb
  2180 | D:3      | 2180 ||| INVOKING Spit Poison.
  2184 | D:3      | 2184 ||| INVOKING Spit Poison.
  2190 | D:3      | 2190 ||| INVOKING Spit Poison.
  2190 | D:3      | HP: 11/57 [Ijyb/+5 club (4)]
  2191 | D:3      | HP: 4/57 [Ijyb/+5 club (7)]
  2192 | D:3      | Slain by an orc

Levels and vault maps discovered:
D:1:      sevenhm_arrival_forest_fort_small_5, layout_basic,
          chequers_serial_rivers_micro_d
D:2:      layout_rooms, serial_shops, nicolae_shop_window_shopping, basic_altar,
          nicolae_nh_oracle_at_delphi, uniq_sigmund
D:3:      layout_basic, serial_bayou, serial_bayou_pond_c, serial_bayou_pond_c,
          serial_bayou_pond_b, serial_bayou_lagoon_b, grunt_ministairs_3,
          minivault_24, st_stairs_2, uniq_terence, uniq_robin, uniq_ijyb

Skill      XL: |  1  2  3  4  5  6 |
---------------+-------------------+-----
Ranged Weapons | 4 6 |  6.2
Fighting       | 4 |  4.0
Dodging        | |  1.5
Stealth        | |  1.5

Action                     |  1- 3 |  4- 6 || total
---------------------------+-------+-------++-------
   Fire: Shortbow          |    64 |   114 ||   178
Ability: Spit Poison       |    30 |    39 ||    69
    Use: Potion            |     3 |     1 ||     4
         Scroll            |     1 |     2 ||     3
 Armour: Leather armour    |     5 |    23 ||    28
  Dodge: Dodged            |     6 |    24 ||    30
  Block: Other             |       |    19 ||    19
         Reflection        |       |     2 ||     2

Table legend:
 A = Non-vault XP
 B = Vault XP
 C = Vault XP percentage of total XP
 D = Non-vault monster count
 E = Vault monster count
 F = Vault count percentage of total count
                 A         B        C        D         E       F
            +---------+---------+-------+---------+---------+-------
      Total |     198 |     310 |  61.0 |      72 |      22 |  23.4
            +---------+---------+-------+---------+---------+-------
        D:1 |      61 |       0 |   0.0 |      36 |       0 |   0.0
        D:2 |      57 |     226 |  79.9 |      17 |       3 |  15.0
        D:3 |      80 |      84 |  51.2 |      19 |      19 |  50.0
            +---------+---------+-------+---------+---------+-------
